 Dungeon Crawl Stone Soup version 0.24.0-123-gd5b16e6ec5 (webtiles) character file.

Game seed: 8947215528693394249, levelgen mode: deterministic

7220 FishyPogo the Fighter (level 10, 0/89 HPs)
             Began as a Demonspawn Chaos Knight on Jan 12, 2020.
             Was a Plaything of Xom.
             Slain by a troll (1 damage)
             ... on level 11 of the Dungeon.
             The game lasted 00:39:45 (9200 turns).

FishyPogo the Fighter (Demonspawn Chaos Knight)     Turns: 9200, Time: 00:39:47

Health: 0/89       AC: 18    Str: 17    XL:     10   Next: 87%
Magic:  0/10       EV: 16    Int: 14    God:    Xom [....*.]
Gold:   565        SH:  0    Dex: 11    Spells: 9/9 levels left

rFire    + . .     SeeInvis .     - Unarmed
rCold    . . .     Gourm    .   (no shield)
rNeg     . . .     Faith    .   z - +3 ring mail {rF+}
rPois    .         Spirit   +   (no helmet)
rElec    .         Reflect  .   R - +2 cloak
rCorr    .         Harm     .   (no gloves)
MR       +....                  L - +0 pair of boots
Stlth    +.........             w - amulet of rage
HPRegen  0.24/turn              m - +5 ring of protection
MPRegen  0.12/turn              y - ring of protection from magic

@: lethally poisoned (0 -> -1), berserk cooldown, slowed, very slow
A: claws 2, blurry vision 1, clumsy 1, powered by death 1, strong 1, wild magic
1, magic shield, sturdy frame 3
a: Renounce Religion, Evoke Berserk Rage


You were on level 11 of the Dungeon.
You worshipped Xom.
You were a beloved toy of Xom.
You were hungry.

You visited 1 branch of the dungeon, and saw 11 of its levels.
You also visited: Sewer.

You collected 565 gold pieces.

Inventory:

Hand Weapons
 a - a +4 halberd
 F - a cursed +4 scimitar
 M - a +2 dagger of venom
 N - a +2 war axe of chopping
Missiles
 j - 345 stones
 n - 45 poisoned darts
 s - 8 boomerangs (quivered)
Armour
 z - a +3 ring mail of fire resistance (worn)
 H - the +2 ring mail of Valour {*Corrode rN+ Str+2 Int+3}
   (You found it on level 8 of the Dungeon)

   It affects your strength (+2).
   It affects your intelligence (+3).
   It protects you from negative energy.
   It may corrode you when you take damage.
 L - a +0 pair of boots (worn)
 R - a +2 cloak (worn)
Jewellery
 m - a +5 ring of protection (left claw)
 w - an amulet of rage (around neck)
 y - a ring of protection from magic (right claw)
 J - an uncursed ring of protection from cold
 K - an uncursed ring of protection from cold
Wands
 k - a wand of paralysis (3)
 p - a wand of polymorph (10)
 G - a wand of random effects (17)
Scrolls
 c - 16 scrolls of identify
 f - 3 scrolls of remove curse
 g - 4 scrolls of teleportation
 l - a scroll of magic mapping
 o - 3 scrolls of fog {unknown}
 q - 3 scrolls of random uselessness {unknown}
 r - 3 scrolls of enchant armour
 x - a scroll of enchant weapon
 B - a scroll of acquirement {unknown}
 D - a scroll of amnesia
 O - a scroll of vulnerability {unknown}
 P - a scroll of blinking {unknown}
Potions
 d - 9 potions of flight
 e - 4 potions of agility
 h - 2 potions of brilliance
 i - 6 potions of curing
 t - 3 potions of heal wounds
 A - a potion of resistance
 C - a potion of haste
 E - a potion of ambrosia
 I - a potion of mutation
 Q - a potion of lignification {unknown}
Comestibles
 b - 14 rations
 u - 2 chunks of flesh


   Skills:
 * Level 12.1 Fighting
 + Level 5.4 Armour
 + Level 7.8 Dodging
 - Level 6.0 Unarmed Combat


You had 9 spell levels left.
You didn't know any spells.
Your spell library contained the following spells:

 Spells                   Type           Power        Failure   Level  Hunger
 Confusing Touch          Hex            #.....       36%         1    ##.....
 Confuse                  Hex            #.......     73%         3    ####...
 Gell's Gravitas          Tloc           #.........   73%         3    ####...
 Petrify                  Tmut/Erth      #.......     98%         4    #####..
 Metabolic Englaciation   Hex/Ice        #.........   100%        5    ######.
 Yara's Violent Unravell  Hex/Tmut       #.........   100%        5    ######.


Dungeon Overview and Level Annotations

Branches:
Dungeon (11/15)            Temple (0/1) D:6            Lair (0/6) D:9
    Orc (0/2) D:9           Sewer (visited)

Altars:
Dithmenos
Elyvilon
Fedhas
Hepliaklqana
Kikubaaqudgha
Nemelex Xobeh
Vehumet
Wu Jian
Xom
The Shining One

Shops:
D:5 *

Annotations:
D:4 3 runed translucent doors, FishyPogo's ghost, amateur DsWz
D:7 4 runed translucent doors
D:11 Nergalle


Innate Abilities, Weirdness & Mutations

You have very sharp fingernails.
You regenerate a little health from kills.
When hurt, damage is shared between your health and your magic reserves.
Your movements are significantly less encumbered by armour. (ER -6)
Scrolls take you a little longer to read.
You are clumsy. (Dex -2)
Your muscles are strong. (Str +2)
Your spells are a little harder to cast, but a little more powerful.


Message History

The troll barely misses you. The troll claws you but does no damage.
The troll claws you!
* * * LOW HITPOINT WARNING * * *
Nergalle gestures at you while chanting.
Orcish apparitions take form around you.
Okay, then.
Really read with blurry vision while enemies are nearby?
You feel sick. The troll bites you!
* * * LOW HITPOINT WARNING * * *
The troll claws you.
* * * LOW HITPOINT WARNING * * *
The troll misses you.
The tengu warrior hits you but does no damage.
You begin reading the scroll.
You continue reading the scroll.
The spectral orc warrior misses you. The troll closely misses you.
The troll claws you!
* * * LOW HITPOINT WARNING * * *
The troll claws you.
You die...
Xom is highly amused!

,* * * , ,**}!#,** ,*,,*,,*, ,
,, * ** #(.*W,,,, , , , * +
### #####'# + * **+ ** ,*
,,#...#(#..o,,* , * *,, *, ,*,
*** #$.(#Z###.# *,, **8, * , ,
,,, ,+ ,,#loT[..+,*,*, ,, ,, *
*** #....#Q###.# , *** 8 * , u
, #...#.#.T...# *Z *,,,**,
,*** *
###'#####@#####+#####+##* ,F,
,.......(ZZĂ·....(........ **,
**................#.##...# *
.* ..#.###..#####.## #...*,
.##*,,#?###..#....## *#.... *
*,.. #......#.###.###.##.#
*#.#######.#.#.####.#.###.#
*###*....#....#...........##.#
...#.#.#.######.###.#.#^##.#


You could see Nergalle, a tengu warrior, 2 spectral orc warriors, a troll and a
leopard gecko.

Vanquished Creatures
  A death knight (D:11)
  A cyclops (D:9)
  A manticore (D:11)
  A troll (D:10)
  A water moccasin (D:7)
  2 wyverns
  A vampire (D:11)
  A steam dragon (D:7)
  A hungry ghost (D:9)
  Duvessa (D:4)
  An orc warrior (D:10)
  2 sky beasts
  4 ice beasts
  2 black bears
  2 necrophages
  2 phantoms
  3 ogres
  4 centaurs (D:10)
  A big kobold (D:9)
  2 bullfrogs
  Dowan (D:4)
  A wyvern skeleton (D:11)
  10 killer bees
  2 water moccasin skeletons
  2 troll zombies (D:9)
  5 scorpions
  5 wights (D:8)
  3 howler monkeys
  4 crimson imps
  3 bullfrog zombies
  A centaur zombie (D:7)
  A gnoll shaman (D:5)
  4 hounds
  4 orc priests
  A bullfrog skeleton (D:11)
  A centaur skeleton (D:11)
  7 orc wizards
  Ijyb (D:3)
  2 iguanas (D:10)
  3 worker ants
  4 ogre zombies (D:9)
  A hound skeleton (D:10)
  2 howler monkey zombies (D:7)
  A gnoll (D:5)
  A river rat (D:5)
  10 adders
  2 shadow imps
  3 oozes (Sewer)
  An adder zombie (D:7)
  6 worms
  3 dart slugs
  3 leopard geckos
  20 orcs
  11 giant cockroaches
  5 goblins
  6 hobgoblins
  12 jackals
  3 quokkas
  5 ball pythons (Sewer)
  10 bats
  5 frilled lizards
  2 goblin skeletons (D:9)
  A goblin zombie (D:9)
  A hobgoblin zombie (D:9)
  18 kobolds
  5 orc skeletons (D:9)
  8 orc zombies (D:9)
  8 rats
252 creatures vanquished.

Vanquished Creatures (collateral kills)
  Edmund (D:6)
  A sky beast (D:9)
  A phantom (D:9)
  An ogre (D:7)
  A big kobold (D:7)
  A killer bee (D:7)
  2 crimson imps
  2 ogre zombies (D:9)
  A hound zombie (D:9)
  2 gnolls (D:5)
  A hobgoblin skeleton (D:9)
  A hobgoblin zombie (D:9)
  3 kobolds (D:7)
  3 orc zombies (D:9)
21 creatures vanquished.

Vanquished Creatures (others)
  2 killer bees (D:7)
  An orc skeleton (D:9)
  An orc zombie (D:9)
4 creatures vanquished.

Grand Total: 277 creatures vanquished

Notes
Turn   | Place    | Note
-------+----------+-------------------------------------------
     0 | D:1      | FishyPogo the Demonspawn Chaos Knight began the quest for
                  | the Orb.
     0 | D:1      | Reached XP level 1. HP: 18/18 MP: 1/1
    73 | D:1      | XOM: harmless Erth miscast
   182 | D:1      | Reached skill level 1 in Dodging
   280 | D:1      | XOM: harmless Necr miscast
   349 | D:1      | XOM: harmless Tloc miscast
   352 | D:1      | XOM: harmless Fire miscast
   357 | D:1      | Gained mutation: You have sharp fingernails. [demonic
                  | ancestry]
   357 | D:1      | Reached XP level 2. HP: 15/24 MP: 2/2
   510 | D:1      | XOM: silly message
   766 | D:1      | XOM: silly message
  1042 | D:1      | Reached XP level 3. HP: 29/29 MP: 3/3
  1385 | D:2      | XOM: cloud trail
  1410 | D:2      | Gained mutation: Your spells are a little easier to cast,
                  | but a little less powerful. [mutagenic glow]
  1423 | D:2      | XOM: scenery: create altars
  1473 | D:2      | Reached skill level 4 in Fighting
  1489 | D:2      | Gained mutation: Potions are less effective at restoring
                  | your health. [mutagenic glow]
  1501 | D:2      | Gained mutation: Your movements are slightly less
                  | encumbered by armour. (ER -2) [demonic ancestry]
  1501 | D:2      | Reached XP level 4. HP: 31/37 MP: 4/4
  1770 | D:3      | Noticed Ijyb
  1843 | D:2      | XOM: smoke on damage
  2006 | D:3      | XOM: divination: magic mapping
  2063 | D:3      | XOM: divination: magic mapping
  2108 | D:3      | Paralysed by Ijyb for 2 turns
  2112 | D:3      | XOM: summons 4 friendly demons
  2115 | D:3      | Paralysed by Ijyb for 5 turns
  2120 | D:3      | Killed Ijyb
  2177 | D:3      | XOM: 5-stop teleportation journey
  2472 | D:4      | Noticed an ogre
  2496 | D:4      | an ogre changed into a scorpion
  2496 | D:4      | XOM: polymorph ogre -> scorpion
  2503 | D:4      | Gained mutation: Your movements are less encumbered by
                  | armour. (ER -4) [demonic ancestry]
  2503 | D:4      | Reached XP level 5. HP: 40/43 MP: 5/5
  2536 | D:4      | Noticed a phantom
  2559 | D:4      | Killed a phantom
  2559 | D:4      | Reached skill level 5 in Fighting
  2590 | D:4      | Gained mutation: When hurt, damage is shared between your
                  | health and your magic reserves. [demonic ancestry]
  2590 | D:4      | Reached XP level 6. HP: 44/51 MP: 6/6
  2677 | D:4      | Found a radiant altar of Vehumet.
  2682 | D:4      | Found an ornate altar of the Wu Jian Council.
  2715 | D:4      | Noticed Duvessa
  2716 | D:4      | Noticed Dowan
  2730 | D:4      | XOM: swap monsters
  2739 | D:4      | Killed Duvessa
  2749 | D:4      | Killed Dowan
  2751 | D:4      | XOM: medium Chrm miscast
  2875 | D:4      | Found a shadowy altar of Dithmenos.
  2875 | D:4      | Found a white marble altar of Elyvilon.
  2894 | D:4      | Found a runed translucent gate.
  2894 | D:4      | Found a runed translucent gate.
  2894 | D:4      | Found a runed translucent gate.
  2895 | D:4      | Noticed FishyPogo's ghost (amateur DsWz)
  2962 | D:5      | Entered Level 5 of the Dungeon
  3019 | D:5      | Found Odghunn's Assorted Antiques.
  3110 | D:5      | Reached skill level 6 in Fighting
  3110 | D:5      | Gained mutation: You regenerate a little health from kills.
                  | [demonic ancestry]
  3110 | D:5      | Reached XP level 7. HP: 58/58 MP: 7/7
  3153 | D:5      | Found a glowing drain.
  3169 | D:5      | XOM: confusion
  3190 | Sewer    | Entered a sewer
  3333 | Sewer    | XOM: 3-stop teleportation journey
  3363 | Sewer    | XOM: noise
  3555 | Sewer    | Lost mutation: Potions are less effective at restoring your
                  | health. [potion of mutation]
  3555 | Sewer    | Lost mutation: Your spells are a little easier to cast, but
                  | a little less powerful. [potion of mutation]
  3555 | Sewer    | Gained mutation: Your magical capacity is low. (-10% MP)
                  | [potion of mutation]
  3555 | Sewer    | Gained mutation: Your flesh is cold resistant. (rC+)
                  | [potion of mutation]
  3555 | Sewer    | Gained mutation: You are weak. (Str -2) [potion of
                  | mutation]
  3555 | Sewer    | Gained mutation: You possess an exceptional clarity of
                  | mind. [potion of mutation]
  3566 | Sewer    | XOM: summons 3 hostile demons
  3732 | Sewer    | XOM: give mutations
  3732 | Sewer    | Gained mutation: You are agile. (Dex +2) [Xom's mischief]
  3732 | Sewer    | Lost mutation: You are agile. (Dex +2) [Xom's mischief]
  3732 | Sewer    | Gained mutation: You are clumsy. (Dex -2) [Xom's mischief]
  3990 | D:5      | XOM: harmless Fire miscast
  4028 | D:6      | XOM: summons 1 hostile shadow creature
  4275 | D:6      | Found a blossoming altar of Fedhas.
  4290 | D:6      | Noticed Edmund
  4292 | D:6      | XOM: enchant monster (bad)
  4298 | D:6      | XOM: stat loss: -1 Str (11/12)
  4315 | D:6      | Killed Edmund
  4559 | D:5      | XOM: give mutations
  4559 | D:5      | Lost mutation: You possess an exceptional clarity of mind.
                  | [Xom's mischief]
  4559 | D:5      | Gained mutation: You are frail. (-10% HP) [Xom's mischief]
  4559 | D:5      | Gained mutation: Scrolls take you a little longer to read.
                  | [Xom's mischief]
  4700 | D:5      | Lost mutation: You are weak. (Str -2) [potion of mutation]
  4700 | D:5      | Lost mutation: You are frail. (-10% HP) [potion of
                  | mutation]
  4700 | D:5      | Lost mutation: Your magical capacity is low. (-10% MP)
                  | [potion of mutation]
  4700 | D:5      | Gained mutation: Your muscles are strong. (Str +2) [potion
                  | of mutation]
  4700 | D:5      | Lost mutation: Your flesh is cold resistant. (rC+) [potion
                  | of mutation]
  4700 | D:5      | Gained mutation: Your spells are a little harder to cast,
                  | but a little more powerful. [potion of mutation]
  4824 | D:5      | XOM: summons 7 friendly demons
  4868 | D:5      | Reached skill level 7 in Fighting
  5205 | D:5      | XOM: scenery: 1 doors open
  5366 | D:6      | Reached skill level 5 in Unarmed Combat
  5366 | D:6      | Gained mutation: You have very sharp fingernails. [demonic
                  | ancestry]
  5366 | D:6      | Reached XP level 8. HP: 62/67 MP: 6/8
  5391 | D:6      | Found a staircase to the Ecumenical Temple.
  5980 | D:7      | XOM: mild Air miscast
  6010 | D:7      | XOM: destruction
  6024 | D:7      | Reached skill level 8 in Fighting
  6025 | D:7      | XOM: enchant monster (good)
  6116 | D:7      | XOM: scenery: 1 doors close
  6165 | D:7      | XOM: polymorph scorpion -> steam dragon
  6175 | D:7      | Reached skill level 5 in Dodging
  6270 | D:7      | Reached skill level 9 in Fighting
  6400 | D:7      | XOM: noise
  6417 | D:7      | Found a huge runed translucent gate.
  6418 | D:7      | Found a huge runed translucent gate.
  6419 | D:7      | Found a huge runed translucent gate.
  6419 | D:7      | Noticed a death yak
  6419 | D:7      | Noticed a manticore
  6419 | D:7      | Noticed a hippogriff
  6420 | D:7      | Found a huge runed translucent gate.
  6420 | D:7      | Noticed a polar bear
  6420 | D:7      | Noticed a hippogriff
  6420 | D:7      | Noticed a hippogriff
  6421 | D:7      | Noticed a hippogriff
  6421 | D:7      | Noticed a manticore
  6421 | D:7      | Noticed a polar bear
  6630 | D:7      | XOM: scenery: create altars
  6632 | D:7      | XOM: summons friendly iron imp
  6638 | D:7      | Gained mutation: Your movements are significantly less
                  | encumbered by armour. (ER -6) [demonic ancestry]
  6638 | D:7      | Reached XP level 9. HP: 76/76 MP: 9/9
  6644 | D:7      | XOM: summons friendly ufetubus
  6825 | D:8      | XOM: fog
  6871 | D:8      | XOM: summons friendly ufetubus
  6950 | D:8      | XOM: god gift: potion of heal wounds
  7093 | D:8      | Found an ancient bone altar of Kikubaaqudgha.
  7094 | D:8      | Found a hazy altar of Hepliaklqana.
  7096 | D:8      | Found a sparkling altar of Nemelex Xobeh.
  7103 | D:8      | Got an encrusted ring mail
  7114 | D:8      | Identified the +2 ring mail of Valour {*Corrode rN+ Str+2
                  | Int+3} (You found it on level 8 of the Dungeon)
  7221 | D:9      | Reached skill level 10 in Fighting
  7304 | D:9      | XOM: cast spell 'Dispersal'
  7305 | D:9      | Found a staircase to the Orcish Mines.
  7309 | D:9      | XOM: destruction
  7344 | D:9      | XOM: summons 9 friendly demons
  7352 | D:9      | XOM: smoke on damage
  7474 | D:9      | Found a glowing golden altar of the Shining One.
  7670 | D:9      | Found a staircase to the Lair.
  7723 | D:9      | XOM: enchant monster (good)
  7735 | D:9      | Noticed a cyclops
  7758 | D:9      | XOM: scenery: create altars
  7762 | D:9      | Killed a cyclops
  7762 | D:9      | Reached XP level 10. HP: 55/86 MP: 5/10
  7935 | D:9      | XOM: cleaving
  8009 | D:9      | XOM is BORED!
  8009 | D:9      | XOM: noise
  8012 | D:10     | Entered Level 10 of the Dungeon
  8090 | D:10     | XOM: cleaving
  8120 | D:10     | XOM: smoke on damage
  8129 | D:10     | XOM: confuse monster(s)
  8130 | D:10     | Reached skill level 11 in Fighting
  8215 | D:10     | XOM: snakes to sticks
  8366 | D:10     | XOM: blink monster(s)
  8533 | D:10     | XOM: smoke on damage
  8993 | D:11     | Noticed a manticore
  9005 | D:11     | XOM: confuse monster(s)
  9013 | D:11     | Killed a manticore
  9016 | D:11     | XOM: divination: magic mapping
  9125 | D:11     | Reached skill level 5 in Armour
  9141 | D:11     | XOM: cast spell 'Discord'
  9169 | D:11     | Noticed a death knight
  9182 | D:11     | Noticed a tengu warrior
  9187 | D:11     | XOM: divination: detect creatures
  9193 | D:11     | Noticed Nergalle
  9196 | D:11     | Killed a death knight
  9196 | D:11     | Reached skill level 12 in Fighting
  9200 | D:11     | HP: 1/89 [troll (8)]
  9200 | D:11     | Slain by a troll

Levels and vault maps discovered:
D:1:      dpeg_arrival_water_fire, layout_basic, minmay_misc_feat_more_columns
D:2:      layout_rooms, first_ration
D:3:      layout_rooms, uniq_ijyb
D:4:      layout_cave_pools, nicolae_overflow_hidden_temple,
          gammafunk_temple_overflow_elements, gammafunk_ghost_necromancy,
          minivault_19, uniq_duvessa
D:5:      layout_basic, serial_shops, shop, portal_sewer_entry_e,
          minmay_misc_feat_tiny
D:6:      layout_gridville, minmay_temple_entry_mist, basic_altar, uniq_edmund
D:7:      lemuel_bear_cage, layout_basic
D:8:      layout_basic, grunt_temple_overflow_open
D:9:      layout_gridville, overflow_temple_1_default, lair_entry_dummy,
          zombieorc2_lemuel
D:10:     layout_long_grid
D:11:     minmay_the_grid_square_5x5_5x5
          [minmay_the_grid_square_5x5_fancy_junction,
          minmay_the_grid_square_5x5_detours, minmay_the_grid_square_5x5_eight,
          minmay_the_grid_square_5x5_mess, minmay_the_grid_square_5x5_two,
          minmay_the_grid_square_5x5_shrine2,
          minmay_the_grid_square_5x5_prize_deathbox,
          minmay_the_grid_square_5x5_minivault,
          minmay_the_grid_square_5x5_prize_snowflake,
          minmay_the_grid_square_5x5_inner_v, minmay_the_grid_square_5x5_bite,
          minmay_the_grid_square_5x5_forky,
          minmay_the_grid_square_5x5_prize_rear_guard,
          minmay_the_grid_square_5x5_shuriken,
          minmay_the_grid_square_5x5_three_small,
          minmay_the_grid_square_5x5_two_walls_b,
          minmay_the_grid_square_5x5_prize_waves,
          minmay_the_grid_square_5x5_longway,
          minmay_the_grid_square_5x5_prize_pseudospiral,
          minmay_the_grid_square_5x5_inverted_slash,
          minmay_the_grid_square_5x5_inner_z, minmay_the_grid_square_5x5_lines,
          minmay_the_grid_square_5x5_eight_small,
          minmay_the_grid_square_5x5_tetrominoes,
          minmay_the_grid_square_5x5_checkered_statues], layout_loops_ring,
          hangedman_little_slice_of_home, uniq_snorg, uniq_erolcha,
          uniq_nergalle

Skill      XL: |  1  2  3  4  5  6  7  8  9 10 |
---------------+-------------------------------+-----
Dodging        | 1 2 3 4 5 6 7 |  7.8
Armour         | 2 3 5 |  5.4
Unarmed Combat | 3 4 5 6 |  6.0
Fighting       | 4 5 6 7 9 10 12 | 12.1

Action                   |  1- 3 |  4- 6 |  7- 9 | 10-12 || total
-------------------------+-------+-------+-------+-------++-------
Melee: Unarmed           |   156 |   177 |   730 |   258 ||  1321
       Punch             |     1 |     4 |    14 |     3 ||    22
Throw: Stone             |       |       |     7 |       ||     7
       Dart              |       |       |     5 |     6 ||    11
       Boomerang         |       |       |       |     3 ||     3
 Abil: Evoke Berserk Rag |       |       |       |     1 ||     1
  Use: Potion            |       |     2 |     8 |     4 ||    14
       Scroll            |       |     6 |     3 |       ||     9
 Stab: Sleeping          |     2 |     1 |       |       ||     3
       Confused          |       |     1 |       |     4 ||     5
  Eat: Chunk             |     2 |     5 |    15 |     5 ||    27
       Ration            |       |       |     1 |       ||     1
Armor: Leather armour    |    67 |    32 |       |       ||    99
       Ring mail         |       |    23 |   345 |   143 ||   511
Dodge: Dodged            |    93 |    91 |   564 |   254 ||  1002
